 Dungeon Crawl Stone Soup version 0.23.2-1-ga50397a (webtiles) character file.

Game seed: 8468844685558164446

87 diana the Chopper (level 4, -10/34 HPs)
             Began as a Demonspawn Gladiator on May 1, 2019.
             Killed by divine providence
             ... invoked by an orc priest
              (13 damage)
             ... on level 3 of the Dungeon.
             The game lasted 00:02:10 (2066 turns).

diana the Chopper (Demonspawn Gladiator)            Turns: 2066, Time: 00:02:10

Health: -10/34     AC:  3    Str: 15    XL:     4   Next: 28%
Magic:  4/4        EV: 15    Int:  9    God:
Gold:   71         SH:  0    Dex: 15    Spells: 3/3 levels left

rFire    . . .     SeeInvis .   a - +0 war axe
rCold    . . .     Gourm    .   (no shield)
rNeg     . . .     Faith    .   b - +0 leather armour
rPois    .         Spirit   .   (helmet restricted)
rElec    .         Reflect  .   (no cloak)
rCorr    .         Harm     .   (no gloves)
MR       .....                  (no boots)
Stlth    +.........             (no amulet)
HPRegen  0.11/turn              (no ring)
MPRegen  0.09/turn              (no ring)

@: no status effects
A: horns 1, repulsion field 1, powered by death 1
a: no special abilities


You were on level 3 of the Dungeon.
You were hungry.

You visited 1 branch of the dungeon, and saw 3 of its levels.

You collected 71 gold pieces.

Inventory:

Hand Weapons
 a - a +0 war axe (weapon)
Missiles
 d - 3 throwing nets (quivered)
Armour
 b - a +0 leather armour (worn)
 c - a +0 helmet
Wands
 p - a wand of iceblast (6)
Scrolls
 e - 2 scrolls of enchant weapon {unknown}
 g - a scroll of enchant armour {unknown}
 h - 3 scrolls of identify {unknown}
 i - a scroll of magic mapping {unknown}
 l - a scroll of teleportation {unknown}
 m - 4 scrolls of remove curse {unknown}
 n - a scroll of immolation {unknown}
 o - a scroll of amnesia {unknown}
 q - a scroll of fog {unknown}
Potions
 j - 2 potions of heal wounds
 k - a potion of degeneration {unknown}
 r - a potion of curing {unknown}
Comestibles
 f - 4 rations


   Skills:
 + Level 2.6 Fighting
 * Level 3.5 Axes
 - Level 1.7 Throwing
 + Level 1.4 Armour
 + Level 3.2 Dodging


You had 3 spell levels left.
You didn't know any spells.
Your spell library was empty.

Dungeon Overview and Level Annotations

Branches:
Dungeon (3/15)

Altars:
Trog


Innate Abilities, Weirdness & Mutations

You have a pair of small horns on your head.
You are surrounded by a mild repulsion field. (EV +2)
You regenerate a little health from kills.


Message History

The giant cockroach moves out of view.
The orc priest invokes the aid of Beogh against you.
Beogh smites you!
There are monsters nearby!
You closely miss the frilled lizard.
The frilled lizard unfolds its giant frill.
The frilled lizard bites you.
The orc priest invokes the aid of Beogh against you.
Beogh smites you!
There are monsters nearby!
You are too injured to fight recklessly!
Unknown command.
An orc comes into view.
It is wearing a +0 leather armour of positive energy.
The orc priest mumbles some strange prayers to Beogh against you.
Beogh smites you!
* * * LOW HITPOINT WARNING * * *
You see here a dart slug corpse.
The orc priest mumbles some strange prayers to Beogh against you.
Beogh smites you!
You die...

###..##.#
........#
#..o..# #...o.#
#....o####+###
#.....Y......#
...............+
######....l†...#
.. #.....@<..+ .
#.........#
#.#.........#
#.#.#....)..#
#.#.#.......#
...#.#.......#
... #........
#.......##
#########


You could see an ice beast, 2 orc priests, an orc and a frilled lizard.

Vanquished Creatures
  4 gnolls
  3 dart slugs
  5 goblins
  4 hobgoblins (D:1)
  7 jackals (D:1)
  8 kobolds
  A quokka (D:2)
  A bat (D:2)
  5 frilled lizards
  6 rats
44 creatures vanquished.

Notes
Turn   | Place    | Note
-------+----------+-------------------------------------------
     0 | D:1      | diana the Demonspawn Gladiator began the quest for the Orb.
     0 | D:1      | Reached XP level 1. HP: 16/16 MP: 1/1
   210 | D:1      | Gained mutation: You are surrounded by a mild repulsion
                  | field. (EV +2) [demonic ancestry]
   210 | D:1      | Reached XP level 2. HP: 12/22 MP: 2/2
   691 | D:1      | Gained mutation: You have a pair of small horns on your
                  | head. [demonic ancestry]
   691 | D:1      | Reached XP level 3. HP: 27/28 MP: 3/3
   926 | D:2      | Reached skill level 1 in Armour
  1400 | D:2      | Found a bloodstained altar of Trog.
  1742 | D:2      | Gained mutation: You regenerate a little health from kills.
                  | [demonic ancestry]
  1742 | D:2      | Reached XP level 4. HP: 8/34 MP: 4/4
  2059 | D:3      | Noticed an ice beast
  2066 | D:3      | Killed from afar by an orc priest

Skill      XL: |  1  2  3 |
---------------+----------+-----
Axes           | 3 |  3.5
Dodging        | 3 |  3.2
Armour         | 1 |  1.4
Fighting       | |  2.6
Throwing       | |  1.7

Action                   |  1- 3 |  4- 6 || total
-------------------------+-------+-------++-------
Melee: War axe           |   114 |    11 ||   125
       Headbutt          |     6 |       ||     6
  Use: Potion            |     1 |       ||     1
  Eat: Chunk             |     1 |     2 ||     3
Armor: Leather armour    |    23 |       ||    23
Dodge: Dodged            |   105 |     9 ||   114
